 Dungeon Crawl Stone Soup version 0.31-a0-986-g5e6e4ef867 (webtiles) character file.

Game seed: 6100368427902431554

2942 p00ps00p the Cleaver (level 9, -4/68 (82) HPs)
             Began as a Hill Orc Fighter on Nov 11, 2023.
             Was an Initiate of Gozag.
             Killed by divine providence
             ... invoked by Jeremiah
              (15 damage)
             ... on level 7 of the Dungeon.
             The game lasted 00:11:29 (6660 turns).

p00ps00p the Cleaver (Hill Orc Fighter)             Turns: 6660, Time: 00:11:30

HP:   -4/68 (82)    AC: 11    Str: 23    XL:     9   Next: 80%
MP:   9/9           EV: 18    Int: 11    God:    Gozag
Gold: 105           SH:  5    Dex: 10    Spells: 8/8 levels left

rFire   . . .        z - +2 hand axe (vamp)
rCold   . . .        c - +0 buckler
rNeg    . . .        e - +0 chain mail
rPois   .            C - +0 helmet {Int+3}
rElec   .            (no cloak)
rCorr   .            (no gloves)
SInv    .            A - +2 pair of boots {Fly}
Will    .....        (no amulet) Stlth
                     h - +5 ring of evasion
HPRegen 0.31/turn    l - +5 ring of evasion
MPRegen 0.11/turn

%: no passive effects
@: corroded, flying, heavily drained
A: no striking features
a: Renounce Religion, Potion Petition, Call Merchant, Bribe Branch


You were on level 7 of the Dungeon.
You worshipped Gozag.
Gozag was aware of your devotion.
You visited 1 branch of the dungeon, and saw 7 of its levels.

You collected 1003 gold pieces.
You spent 344 gold pieces at shops.
You paid 554 gold pieces to Gozag.

Inventory:

Hand Weapons
 a - a +2 war axe
 z - a +2 vampiric hand axe (weapon)
Missiles
 g - a throwing net
 x - 7 poisoned darts
Armour
 c - a +0 buckler (worn)
 e - a +0 chain mail (worn)
 A - a +2 pair of boots of flying (worn)
 C - a +0 helmet of intelligence (worn)
Jewellery
 h - a +5 ring of evasion (left hand)
 l - a +5 ring of evasion (right hand)
 m - a ring of protection from fire
 u - a ring of wizardry
Wands
 n - a wand of roots (20)
 p - a wand of flame (37)
 y - a wand of polymorph (8)
Scrolls
 f - 6 scrolls of teleportation
 q - a scroll of vulnerability
 w - 2 scrolls of fog
Potions
 d - a potion of might
 i - 3 potions of cancellation
 j - a potion of curing
 k - a potion of attraction
 o - a potion of haste
 s - 3 potions of degeneration
 t - a potion of lignification {unknown}
 v - a potion of resistance {unknown}


   Skills:
 + Level 8.8 Fighting
 + Level 9.1 Axes
 + Level 8.0 Armour
 + Level 7.9 Shields


You had 8 spell levels left.
You didn't know any spells.
Your spell library contained the following spells:

 Spells                   Type           Power      Damage    Failure   Level
 Apportation              Tloc           0%         N/A       90%         1
 Magic Dart               Conj           0%         1d3       90%         1
 Necrotise                Necr           0%         1d4       90%         1
 Summon Small Mammal      Summ           0%         N/A       90%         1
 Call Imp                 Summ           0%         N/A       97%         2
 Wereblood                Tmut           0%         N/A       97%         2
 Mephitic Cloud           Conj/Pois/Air  0%         N/A       99%         3
 Tukima's Dance           Hex            0%         N/A       99%         3
 Anguish                  Hex/Necr       0%         N/A       100%        4
 Cause Fear               Hex            0%         N/A       100%        4
 Dimensional Bullseye     Hex/Tloc       0%         N/A       100%        4
 Iskenderun's Mystic Bla  Conj/Tloc      0%         2d3       100%        4
 Passage of Golubria      Tloc           0%         N/A       100%        4
 Irradiate                Conj/Tmut      0%         3d11      100%        5
 Yara's Violent Unravell  Hex/Tmut       0%         3d3       100%        5
 Enfeeble                 Hex            0%         N/A       100%        7


Dungeon Overview and Level Annotations

Branches:
Dungeon (7/15)
 Temple: D:4-7

Altars:
Dithmenos
Gozag
Hepliaklqana
Makhleb
Nemelex Xobeh
Qazlal
Ru
Vehumet
The Shining One

Shops:
D:6 *

Annotations:
D:7 Jeremiah


Message History

You kill the butterfly!
The butterfly disappears in a burst of colours!
Jeremiah zaps a wand.
The bolt of acid hits you!
You hit Jeremiah but do no damage.
Jeremiah is heavily wounded.
You hit the butterfly.
You kill the butterfly!
The butterfly disappears in a burst of colours!
You miss the butterfly. You slash the butterfly!
You kill the butterfly!
The butterfly disappears in a burst of colours!
Jeremiah zaps a wand.
The bolt of acid hits you! The acid corrodes you!
The bolt of acid misses the butterfly.
You hit Jeremiah but do no damage.
Jeremiah is heavily wounded.
You hit the butterfly but do no damage. You slash the butterfly!
You kill the butterfly!
The butterfly disappears in a burst of colours!
Jeremiah hits you with a +2 trident of draining.
* * * LOW HITPOINT WARNING * * *
You feel drained.
* * * LOW HITPOINT WARNING * * *
You closely miss Jeremiah.
Jeremiah is heavily wounded.
You hit the butterfly but do no damage. x2; You closely miss the butterfly.
Jeremiah cries, "Fearful master, protect me!"
Something smites you!
* * * LOW HITPOINT WARNING * * *
You hit Jeremiah but do no damage.
Jeremiah is heavily wounded.
You hit the butterfly.
You kill the butterfly!
The butterfly disappears in a burst of colours!
You closely miss the butterfly. You barely miss the butterfly.
The butterfly disappears in a burst of colours!
Jeremiah cries, "Fearful master, protect me!"
Something smites you!
You die...
Jeremiah asks, "What happened?
Did... did you die?"
Your body crumbles into a pile of gold.

.......##........
#.#.#.##.....##.
####...............
...................
######b.............
...................
..
#.b...........#....
...
#bFb..........#....
....
#.@####.####..#....
....##..###.'..##..#
...
#....b.b##......#..#
..
#.###...##....b#...#
# ##.b...b_......#.#
####..#.......#..#.#
#..b....b....##....#
#.##...##.'#.##..###
# #...##..#..#..#


You could see Jeremiah.

Vanquished Creatures
  Grinder (D:4)
  Edmund (D:6)
  3 water moccasins
  2 black bears
  A sky beast (D:6)
  2 centaurs (D:6)
  3 ogres
  2 phantoms
  2 bullfrogs (D:6)
  3 scorpions
  A howler monkey (D:6)
  A crimson imp (D:6)
  7 orc priests
  5 hounds
  A gnoll bouda (D:6)
  An iron imp (D:7)
  5 jellies
  A sleepcap (D:6)
  2 iguanas
  7 orc wizards
  7 gnolls
  4 river rats (D:5)
  5 adders
  A shadow imp (D:6)
  5 worms
  2 dart slugs
  29 orcs
  8 endoplasms
  A giant cockroach (D:1)
  7 goblins
  8 hobgoblins
  4 jackals (D:1)
  A quokka (D:4)
  8 ball pythons
  4 bats
  3 frilled lizards (D:1)
  A hobgoblin zombie (D:7)
  8 kobolds
  A kobold skeleton (D:7)
  2 kobold zombies (D:7)
  2 orc zombies (D:7)
  2 rats
164 creatures vanquished.

Notes
Turn   | Place    | Note
-------+----------+-------------------------------------------
     0 | D:1      | p00ps00p the Hill Orc Fighter began the quest for the Orb.
     0 | D:1      | Reached XP level 1. HP: 19/19 MP: 1/1
   192 | D:1      | Reached skill level 3 in Axes
   192 | D:1      | Reached XP level 2. HP: 24/27 MP: 2/2
   601 | D:1      | Reached XP level 3. HP: 25/33 MP: 3/3
  1396 | D:3      | Reached XP level 4. HP: 35/40 MP: 4/4
  1476 | D:3      | Noticed an ogre
  1486 | D:3      | Killed an ogre
  1487 | D:3      | Reached skill level 4 in Axes
  1487 | D:3      | Reached XP level 5. HP: 47/47 MP: 5/5
  1600 | D:3      | Found a hazy altar of Hepliaklqana.
  1817 | D:4      | Found an opulent altar of Gozag.
  1857 | D:4      | Reached skill level 5 in Fighting
  1857 | D:4      | Reached XP level 6. HP: 39/56 MP: 6/6
  1872 | D:4      | Became a worshipper of Gozag Ym Sagoz the Greedy
  1986 | D:4      | Found a radiant altar of Vehumet.
  2089 | D:4      | Reached skill level 5 in Axes
  2132 | D:4      | Found a shadowy altar of Dithmenos.
  2143 | D:4      | Reached skill level 5 in Armour
  2375 | D:4      | Found a stormy altar of Qazlal.
  2391 | D:4      | Reached skill level 5 in Shields
  2402 | D:4      | Noticed Grinder
  2415 | D:4      | Killed Grinder
  2416 | D:4      | Reached XP level 7. HP: 54/62 MP: 7/7
  2682 | D:5      | Entered Level 5 of the Dungeon
  2711 | D:5      | Reached skill level 6 in Axes
  2793 | D:5      | Reached XP level 8. HP: 45/71 MP: 8/8
  3190 | D:5      | Reached skill level 7 in Axes
  3238 | D:5      | Found a sacrificial altar of Ru.
  3838 | D:6      | Reached XP level 9. HP: 34/79 MP: 9/9
  4456 | D:6      | Found a sparkling altar of Nemelex Xobeh.
  4530 | D:6      | Found a burning altar of Makhleb.
  4540 | D:6      | Noticed Edmund
  4558 | D:6      | Killed Edmund
  4559 | D:6      | Reached skill level 8 in Axes
  4622 | D:6      | Identified the +5 mace of the Forging Scavenger {flame,
                  | rPois Str-3 SInv}
  5110 | D:6      | Bought a pair of embroidered boots for 172 gold pieces
  5110 | D:6      | Bought a shiny helmet for 172 gold pieces
  5153 | D:7      | Found a glowing golden altar of the Shining One.
  5153 | D:7      | Noticed Jeremiah
  6586 | D:7      | Reached skill level 9 in Axes
  6660 | D:7      | Killed from afar by Jeremiah

Illustrated notes

Levels and vault maps discovered:
D:1:      ncdulo_watergridlock, layout_basic, minmay_statues_item,
          minmay_pentomino_r4
D:2:      layout_basic
D:3:      layout_rooms, lemuel_doored_altar, hex_medium
D:4:      layout_basic, marbit_many_paths, nicolae_overflow_crystal_walls,
          mainiacjoe_overflow_boulevard, vehumet_altar_wand_db, serial_glass,
          glass_columns_b, glass_columns_b, feat_on_display,
          due_unseen_surprise, item_on_display_a, feat_on_display, uniq_grinder
D:5:      wad_woods_stonehenge, layout_basic
D:6:      hellmonk_ruined_rings, layout_basic, nemelex_diamond_rough_becter,
          makhleb_grotto_becter, grunt_ministairs_12, grunt_potential,
          uniq_edmund
D:7:      layout_basic, nicolae_tso_besieged_by_evil, minmay_temple_entry_ruins,
          ebering_ghost_disaster_area, nrook_loot_triangle, minmay_circle_x,
          uniq_duvessa, uniq_jeremiah

Skill      XL: |  1  2  3  4  5  6  7  8  9 |
---------------+----------------------------+-----
Axes           | 3 4 5 6 7 9 |  9.1
Fighting       | 4 5 6 7 8 |  8.8
Armour         | 4 5 6 8 |  8.0
Shields        | 4 5 6 7 |  7.9

Action                     |  1- 3 |  4- 6 |  7- 9 || total
---------------------------+-------+-------+-------++-------
  Melee: War axe           |    99 |   121 |   209 ||   429
         Hand axe          |       |       |   106 ||   106
 Invoke: Call Merchant     |       |       |     1 ||     1
  Evoke: Wand              |       |       |     1 ||     1
    Use: Scroll            |     8 |     2 |     8 ||    18
         Potion            |       |       |     3 ||     3
   Stab: Distracted        |       |     2 |     1 ||     3
 Armour: Scale mail        |    25 |       |       ||    25
         Chain mail        |    19 |    32 |   141 ||   192
  Dodge: Dodged            |    86 |    98 |   264 ||   448
  Block: Buckler           |    31 |    18 |    79 ||   128

Table legend: (Time is in decaauts)
 A = Elapsed time spent in this place.
 B = Non-inter-level travel time spent in this place.
 C = Inter-level travel time spent in this place.
 D = Time resting spent in this place.
 E = Time spent auto-exploring this place.
 F = Levels seen in this place.
 G = Mean time per level.
                   A        B        C        D        E       F      G
               +--------+--------+--------+--------+--------+-----+--------+
         Total |   6760 |   6509 |    251 |   1490 |   3644 |   7 |  965.7 |
       Dungeon |   6760 |   6509 |    251 |   1490 |   3644 |   7 |  965.7 |
               +--------+--------+--------+--------+--------+-----+--------+

Top non-repeatable levels by time:
     D:6: 2756 daAuts
     D:5: 1048 daAuts
     D:4: 906 daAuts
     D:1: 721 daAuts
     D:2: 636 daAuts
     D:3: 491 daAuts
     D:7: 198 daAuts
